 Dungeon Crawl Stone Soup version 0.27-a0-1456-gf5a116941d (webtiles) character file.

Game seed: 5119531391185663367

1467 tsouns the Cudgeller (level 8, 0/52 HPs)
             Began as a Gargoyle Fighter on July 7, 2021.
             Was an Initiate of Makhleb.
             Slain by an orc (6 damage)
             ... while paralysed by Grinder
             ... on level 5 of the Dungeon.
             The game lasted 00:07:51 (4969 turns).

tsouns the Cudgeller (Gargoyle Fighter)             Turns: 4969, Time: 00:07:52

Health: 0/52       AC: 12    Str: 22    XL:     8   Next: 77%
Magic:  8/8        EV:  2    Int:  9    God:    Makhleb [......]
Gold:   159        SH:  0    Dex:  9    Spells: 7/7 levels left

rFire    + . .     SeeInvis .   a - +0 flail
rCold    + . .     Faith    .   c - +0 kite shield
rNeg     + . .     Spirit   .   b - +0 scale mail
rPois    ∞         Reflect  .   (no helmet)
rElec    +         Harm     .   (no cloak)
rCorr    +         Rampage  .   (no gloves)
Will     .....                  (no boots)
Stlth    ..........             (no amulet)
HPRegen  0.17/turn              (no ring)
MPRegen  0.11/turn              (no ring)

@: paralysed, resistant, flying
A: sickness immunity, AC +5, negative energy resistance 1, electricity
resistance, torment resistance 1, petrification resistance
a: Renounce Religion


You were on level 5 of the Dungeon.
You worshipped Makhleb.
Makhleb was noncommittal.
You visited 1 branch of the dungeon, and saw 5 of its levels.

You collected 159 gold pieces.

Inventory:

Hand Weapons
 a - a +0 flail (weapon)
 f - a +0 arbalest
Missiles
 d - 15 javelins (quivered)
 e - 21 bolts
Armour
 b - a +0 scale mail (worn)
 c - a +0 kite shield (worn)
Wands
 h - a wand of acid (11)
Scrolls
 g - a scroll of magic mapping
Potions
 p - a potion of flight


   Skills:
 + Level 6.7 Fighting
 * Level 7.9 Maces & Flails
 - Level 5.0 Armour
 - Level 5.0 Shields


You had 7 spell levels left.
You didn't know any spells.
Your spell library was empty.

Dungeon Overview and Level Annotations

Branches:
Dungeon (5/15)
 Temple: D:4-7

Altars:
Makhleb

Annotations:
D:5 Grinder


Innate Abilities, Weirdness & Mutations

You are immune to sickness and miasma.
Your stone body is resilient. (AC +5)
You are immune to poison.
You resist negative energy. (rN+)
You are resistant to electric shocks. (rElec)
You are resistant to unholy torment.
You are immune to petrification.


Message History

You kill the jackal!
Makhleb accepts your kill.
The necrophage hits you but does no damage.
You block the orc's attack. Grinder gestures at you.
Pain shoots through your body! You block the necrophage's attack.
You hit Grinder.
Grinder is heavily wounded.
You block the orc's attack. Grinder gestures at you.
Pain shoots through your body!
The necrophage hits you but does no damage.
The orc barely misses you.
You hit Grinder but do no damage.
Grinder is heavily wounded.
You block Grinder's attack. You block the necrophage's attack.
You block the orc's attack.
You thump Grinder!
Grinder is severely wounded.
Grinder gestures at you.
You suddenly lose the ability to move!
The necrophage hits you. The orc completely misses you. Grinder hits you.
You writhe in agony.
The necrophage hits you but does no damage.
The orc hits you with a +0 flail. Grinder hits you.
The necrophage hits you but does no damage.
The orc hits you but does no damage. Grinder gestures at you.
You shrug off the repeated paralysis!
The necrophage hits you but does no damage.
The orc hits you with a +0 flail!
* * * LOW HITPOINT WARNING * * *
Grinder hits you but does no damage.
The necrophage hits you but does no damage.
The orc hits you but does no damage. Grinder hits you but does no damage.
The necrophage hits you.
* * * LOW HITPOINT WARNING * * *
The orc hits you with a +0 flail.
You die...

#.#.# #.# ##.$ #≈...#.
#.#.###.# #..# #...≈..
#.......#.≈≈.#8.# #.≈≈.#.
..#.#####...≈#..# #≈...#.
###.# #...≈#..# #≈...#. ###.#
#.≈≈.#8.# #.≈≈.#. .##.#
#≈..!#..## #...≈#. #.#.#
#...≈##5.## ##≈...#. ....#
###.≈...#@o# ##..≈.##. #...#
#>##...5##nK.=..##....###.
....####.####...###..###≈..#.#
.. .........#
###...####...###... .........#
###...†!.### ##### .#.#####.#
######## ....# #.# ##..# #.#
#..# #.####


You could see Grinder, a kobold brigand, a necrophage and an orc.

Vanquished Creatures
  A water moccasin (D:5)
  A black bear (D:4)
  2 necrophages (D:5)
  A centaur (D:4)
  2 phantoms (D:5)
  2 bullfrogs (D:4)
  3 scorpions
  A killer bee (D:4)
  A howler monkey (D:5)
  A hound (D:4)
  A jelly (D:4)
  A bullfrog skeleton (D:5)
  A centaur skeleton (D:5)
  2 iguanas (D:5)
  A scorpion zombie (D:5)
  A killer bee zombie (D:5)
  2 hound skeletons (D:4)
  2 hound zombies (D:5)
  7 adders
  4 gnolls
  An ufetubus (D:5)
  4 worms
  3 dart slugs
  3 orcs (D:3)
  5 ball pythons
  10 endoplasms
  2 giant cockroaches
  5 goblins
  7 hobgoblins
  15 jackals
  3 quokkas
  8 bats
  A frilled lizard (D:2)
  4 kobolds
  10 rats
118 creatures vanquished.

Vanquished Creatures (others)
  5 toadstools (D:1)
5 creatures vanquished.

Grand Total: 123 creatures vanquished

Notes
Turn   | Place    | Note
-------+----------+-------------------------------------------
     0 | D:1      | tsouns the Gargoyle Fighter began the quest for the Orb.
     0 | D:1      | Reached XP level 1. HP: 14/14 MP: 1/1
   291 | D:1      | Reached XP level 2. HP: 15/19 MP: 2/2
   582 | D:1      | Reached XP level 3. HP: 23/23 MP: 3/3
  1067 | D:2      | Noticed a scorpion
  1074 | D:2      | Killed a scorpion
  1075 | D:2      | Reached skill level 3 in Maces & Flails
  1075 | D:2      | Reached XP level 4. HP: 27/29 MP: 4/4
  1231 | D:2      | You fall into a shaft and drop 1 floor!
  1301 | D:2      | Reached XP level 5. HP: 33/33 MP: 5/5
  2807 | D:4      | Reached skill level 4 in Maces & Flails
  2807 | D:4      | Reached XP level 6. HP: 22/39 MP: 6/6
  2998 | D:4      | Noticed a black bear
  3016 | D:4      | Killed a black bear
  3048 | D:4      | Reached XP level 7. HP: 36/44 MP: 7/7
  3574 | D:4      | Reached skill level 5 in Fighting
  3574 | D:4      | Reached skill level 5 in Maces & Flails
  3574 | D:4      | Reached skill level 5 in Armour
  3586 | D:4      | Reached skill level 5 in Shields
  3784 | D:5      | Entered Level 5 of the Dungeon
  3869 | D:5      | Reached skill level 6 in Maces & Flails
  4009 | D:5      | Reached XP level 8. HP: 33/51 MP: 8/8
  4348 | D:5      | Found a burning altar of Makhleb.
  4356 | D:5      | Became a worshipper of Makhleb the Destroyer
  4392 | D:5      | Reached skill level 7 in Maces & Flails
  4936 | D:5      | Noticed Grinder
  4964 | D:5      | Paralysed by Grinder for 6 turns
  4969 | D:5      | Slain by an orc

Illustrated notes

Levels and vault maps discovered:
D:1:      ldierk_walled_garden, layout_rooms
D:2:      layout_basic
D:3:      minmay_door_path, layout_rooms
D:4:      layout_gridville
D:5:      layout_loops_ring, lemuel_crystal_altar,
          chequers_serial_rivers_micro_d, kennysheep_nub, nzn_random_ring,
          uniq_menkaure, uniq_grinder

Skill      XL: |  1  2  3  4  5  6  7  8 |
---------------+-------------------------+-----
Maces & Flails | 3 4 6 7 |  7.9
Armour         | 4 5 |  5.0
Fighting       | 4 5 6 |  6.7
Shields        | 4 5 |  5.0

Action                   |  1- 3 |  4- 6 |  7- 9 || total
-------------------------+-------+-------+-------++-------
Melee: Flail             |   111 |   209 |   298 ||   618
  Use: Potion            |     1 |     1 |     5 ||     7
       Scroll            |       |     6 |     4 ||    10
Armor: Scale mail        |    73 |   106 |   182 ||   361
Dodge: Dodged            |    48 |    66 |   105 ||   219
Block: Kite shield       |    73 |   114 |   174 ||   361

Table legend: (Time is in decaauts)
 A = Elapsed time spent in this place.
 B = Non-inter-level travel time spent in this place.
 C = Inter-level travel time spent in this place.
 D = Time resting spent in this place.
 E = Time spent auto-exploring this place.
 F = Levels seen in this place.
 G = Mean time per level.
                   A        B        C        D        E       F      G
               +--------+--------+--------+--------+--------+-----+--------+
         Total |   5201 |   5155 |     46 |      0 |   3753 |   5 | 1040.2 |
       Dungeon |   5201 |   5155 |     46 |      0 |   3753 |   5 | 1040.2 |
               +--------+--------+--------+--------+--------+-----+--------+

Top non-repeatable levels by time:
     D:5: 1240 daAuts
     D:1: 1106 daAuts
     D:2: 1080 daAuts
     D:3: 1013 daAuts
     D:4: 760 daAuts
